 Dungeon Sprint DCSS version 0.28-a0-381-g937acc2988 (webtiles) character file.

Game seed: 11563477823242146834

9330 thedisplayname the Brawler (level 11, -3/120 HPs)
             Began as a Troll Berserker on Sept 1, 2021.
             Was the Champion of Trog.
             Slain by a death drake (5 damage)
             ... in the Dungeon (Sprint II: "The Violet Keep of Menkaure").
             The game lasted 00:10:09 (2469 turns).

thedisplayname the Brawler (Troll Berserker)        Turns: 2469, Time: 00:10:10

Health: -3/120     AC:  9    Str: 33    XL:     11   Next: 21%
Magic:  10/10      EV: 13    Int:  3    God:    Trog [******]
Gold:   25         SH:  5    Dex:  9    Spells: 10/10 levels left

rFire   . . .      SeeInvis .     - Unarmed
rCold   + . .      Faith    .   (no shield)
rNeg    . . .      Spirit   .   h - +1 robe of the Nightingale {Rampage +Inv Str+3 Stlth-}
rPois   .          Reflect  +   (helmet restricted)
rElec   .          Harm     .   (no cloak)
rCorr   .          Rampage  +   (gloves unavailable)
Will    ++...      NoTele   +   (boots unavailable)
Stlth   +.........              i - amulet of reflection
HPRegen 2.30/turn               m - ring of protection from cold
MPRegen 0.12/turn               n - +4 ring of protection

@: lethally poisoned (-3 -> -5), strong-willed, regenerating, slowed, very slow
A: large, unfitting armour, claws 3, regeneration 1, shaggy fur 1, tough skin 1,
subdued magic 1
a: Renounce Religion, Evoke Invisibility, Berserk, Trog's Hand, Brothers in Arms


You were in the Dungeon.
You worshipped Trog.
Trog was exalted by your worship.
You visited 1 branch You collected 1461 gold pieces.
You spent 1436 gold pieces at shops.

Inventory:

Armour
 a - a +0 animal skin
 h - the +1 robe of the Nightingale (worn) {Rampage +Inv Str+3 Stlth-}
   (You bought it in a shop in the Dungeon)

   Str:       It affects your strength (+3).
   +Inv:      It lets you turn invisible.
   Rampage:   It bestows one free step when moving towards enemies.
   Stlth:     It makes you less stealthy.
Jewellery
 i - an amulet of reflection (around neck)
 m - a ring of protection from cold (left claw)
 n - a +4 ring of protection (right claw)
Scrolls
 g - 2 scrolls of blinking
 k - a scroll of identify {unknown}
 l - a scroll of amnesia {unknown}
Potions
 d - a potion of haste
 e - 2 potions of magic
 f - 2 potions of berserk rage
 j - 3 potions of flight {unknown}


   Skills:
 + Level 11.1 Fighting
 + Level 11.8 Dodging
 + Level 3.1 Stealth
 + Level 1.7 Shields
 + Level 18.6 Unarmed Combat


You had 10 spell levels left.
You didn't know any spells.
Your spell library was empty.

Dungeon Overview and Level Annotations

Branches:
Dungeon (1/1)

Altars:
Cheibriados
Dithmenos
Elyvilon
Fedhas
Gozag
Kikubaaqudgha
Makhleb
Nemelex Xobeh
Okawaru
Qazlal
Ru
Sif Muna
Trog
Uskayaw
Vehumet
Wu Jian
Xom
Yredelemnul
Zin
The Shining One
Beogh
Jiyva
Lugonu

Shops:
D =(?::[*(**=[[:![([!?[([==(=

Annotations:
D exclusions: ice statue and oklob plant


Innate Abilities, Weirdness & Mutations

You are too large for most types of armour.
You have claws for hands.
Your natural rate of healing is unusually fast.
You are covered in fur. (AC +1)
You have tough skin. (AC +1)
Your spells are a little easier to cast, but a little less powerful.


Message History

Moving in this stuff is going to be slow.
You are engulfed in dark miasma.
You are lethally poisoned!
You feel as though you will be slow longer.
* * * LOW HITPOINT WARNING * * *
You feel extremely sick. The death drake closely misses you.
You block the death drake's attack.
The death drake bites you but does no damage.
The death drake barely misses you.
The death drake bites you but does no damage.
Really walk into a travel-excluded area? [Y]es or [N]o only, please.
Really walk into a travel-excluded area?
Okay, then.
You feel much better.
* * * LOW HITPOINT WARNING * * *
You feel extremely sick. The death drake breathes miasma at you.
The foul vapour misses you. The death drake bites you.
* * * LOW HITPOINT WARNING * * *
The death drake closely misses you. The death drake breathes miasma at you.
The foul vapour misses you.
You feel better.
You are engulfed in dark miasma.
You are poisoned.
* * * LOW HITPOINT WARNING * * *
x2 You feel extremely sick.
You block the death drake's attack. The death drake misses you.
The death drake bites you.
* * * LOW HITPOINT WARNING * * *
The death drake bites you.
* * * LOW HITPOINT WARNING * * *
Unknown command.
Your skin crawls.
You feel strong-willed.
You feel extremely sick. The death drake bites you.
* * * LOW HITPOINT WARNING * * *
The death drake bites you.
You die...

#+##.. #. .# #≈###.####
+.##. .#..#....# ...#
.#.####..## #.k#
#'###.##..# +^^# #
#.##.###..# #.k# .#
.<.'##.+..####.9##.# ! ?
#.##...#....###kk.##▓▓▓▓
#'###.##..§§..≈†@≈≈≈≈≈≈≈
.#.####≈≈§§..§≈#'#######
.#..#≈≈§≈§§§§.≈#_._.....
.#.##≈≈≈≈≈§≈≈.≈#._._....
#'##≈≈≈§≈≈§≈≈≈≈#_._._...
≈≈≈≈≈≈≈≈§§≈≈≈≈≈#._._._..
+#+++#≈§≈§≈≈≈§§#_._._._.
≈°≈°°##≈≈≈###≈§#._._._._
°≈≈≈°°##≈≈# #≈§#.._._.


You could see 2 death drakes, a crystal guardian and 2 swamp drakes.

Vanquished Creatures
  Kirke (D)
  A yaktaur captain (D)
  A centaur warrior (D)
  2 boulder beetles (D)
  An iron elemental (D)
  A death yak (D)
  A skeletal warrior (D)
  An elephant (D)
  2 unseen horrors (D)
  A kobold demonologist (D)
  3 polar bears (D)
  3 wyverns (D)
  A vampire mosquito (D)
  4 neqoxecs (D)
  A water moccasin (D)
  A necrophage (D)
  4 scorpions (D)
  An iron imp (D)
  3 worms (D)
33 creatures vanquished.

Vanquished Creatures (others)
  Menkaure (D)
  A water moccasin (D)
2 creatures vanquished.

Grand Total: 35 creatures vanquished

Notes
Turn   | Place    | Note
-------+----------+-------------------------------------------
     0 | D        | thedisplayname the Troll Berserker began the quest for the
                  | Orb.
     0 | D        | Reached XP level 1. HP: 22/22 MP: 0/0
     1 | D        | Noticed a scorpion
     1 | D        | Noticed a scorpion
     1 | D        | Noticed a scorpion
     1 | D        | Noticed a scorpion
     3 | D        | Killed a scorpion
     4 | D        | Reached skill level 5 in Unarmed Combat
     4 | D        | Reached XP level 2. HP: 32/32 MP: 1/1
     4 | D        | Reached XP level 3. HP: 39/39 MP: 2/2
     4 | D        | Killed a scorpion
     5 | D        | Reached skill level 5 in Fighting
     5 | D        | Reached skill level 5 in Dodging
     5 | D        | Reached skill level 6 in Unarmed Combat
     5 | D        | Reached XP level 4. HP: 50/50 MP: 3/3
     8 | D        | Killed a scorpion
     8 | D        | Reached ** piety under Trog
     9 | D        | Reached skill level 7 in Unarmed Combat
     9 | D        | Reached XP level 5. HP: 59/59 MP: 4/4
    20 | D        | Killed a water moccasin
   162 | D        | Noticed a neqoxec
   162 | D        | Noticed a neqoxec
   169 | D        | Noticed a water moccasin
   177 | D        | Noticed a boulder beetle
   177 | D        | Noticed a boulder beetle
   193 | D        | Reached *** piety under Trog
   208 | D        | Gained mutation: Your spells are a little easier to cast,
                  | but a little less powerful. [a neqoxec]
   213 | D        | Killed a neqoxec
   214 | D        | Reached skill level 8 in Unarmed Combat
   214 | D        | Reached XP level 6. HP: 68/68 MP: 5/5
   214 | D        | Killed a water moccasin
   215 | D        | Reached skill level 9 in Unarmed Combat
   330 | D        | Found Hice's Weapon Boutique.
   330 | D        | Found Bipumuawk's Jewellery Shop.
   330 | D        | Found Niekh's Antique Weapon Boutique.
   330 | D        | Noticed a neqoxec
   334 | D        | Killed a neqoxec
   335 | D        | Reached XP level 7. HP: 78/78 MP: 6/6
   336 | D        | Noticed a neqoxec
   339 | D        | Killed a neqoxec
   339 | D        | Reached **** piety under Trog
   340 | D        | Reached skill level 10 in Unarmed Combat
   340 | D        | Found Coessa's Jewellery Boutique.
   340 | D        | Found Lafiro's Armour Shop.
   340 | D        | Found Sikinwu's Distillery.
   340 | D        | Found Zourph's Antique Armour Shop.
   341 | D        | Found Hoamnunk's Jewellery Shop.
   341 | D        | Found Gics's Distillery.
   342 | D        | Found Geiloff's Antique Armour Shop.
   342 | D        | Noticed a wyvern
   342 | D        | Noticed a wyvern
   347 | D        | Lost intelligence.
   353 | D        | Killed a neqoxec
   354 | D        | Found Ehanudem's General Store.
   354 | D        | Found Niretehe's Antique Weapon Boutique.
   354 | D        | Noticed an oklob plant
   355 | D        | Found Ytag's Book Shop.
   355 | D        | Found Igia's Magic Scroll Boutique.
   355 | D        | Found Tilosah's Book Shoppe.
   416 | D        | Killed Menkaure
   655 | D        | Noticed an ice dragon
   686 | D        | Bought the +1 robe of the Nightingale {Rampage +Inv Str+3
                  | Stlth-} for 319 gold pieces
   716 | D        | Bought an amulet of reflection for 360 gold pieces
   745 | D        | Killed a boulder beetle
   746 | D        | Reached skill level 12 in Unarmed Combat
   746 | D        | Reached XP level 8. HP: 78/92 MP: 7/7
   752 | D        | Killed a boulder beetle
   753 | D        | Reached skill level 10 in Dodging
   753 | D        | Reached skill level 1 in Stealth
   753 | D        | Reached skill level 13 in Unarmed Combat
   753 | D        | Reached XP level 9. HP: 9/100 MP: 8/8
   821 | D        | Noticed an ice statue
  2034 | D        | Noticed an elephant
  2034 | D        | Noticed a centaur warrior
  2034 | D        | Noticed Kirke
  2034 | D        | Noticed a kobold demonologist
  2034 | D        | Noticed a yaktaur captain
  2034 | D        | Noticed a skeletal warrior
  2035 | D        | Noticed an iron elemental
  2042 | D        | Killed Kirke
  2042 | D        | Reached ***** piety under Trog
  2043 | D        | Reached skill level 10 in Fighting
  2043 | D        | Reached skill level 15 in Unarmed Combat
  2047 | D        | Killed a skeletal warrior
  2048 | D        | Reached XP level 10. HP: 111/111 MP: 9/9
  2052 | D        | Killed a yaktaur captain
  2053 | D        | Reached skill level 16 in Unarmed Combat
  2059 | D        | Killed a centaur warrior
  2069 | D        | Killed an elephant
  2070 | D        | Reached skill level 1 in Shields
  2074 | D        | Killed an iron elemental
  2075 | D        | Reached skill level 17 in Unarmed Combat
  2109 | D        | Reached ****** piety under Trog
  2134 | D        | Noticed a death yak
  2136 | D        | Killed a death yak
  2137 | D        | Reached skill level 18 in Unarmed Combat
  2137 | D        | Reached XP level 11. HP: 120/120 MP: 10/10
  2140 | D        | Received a gift from Trog
  2228 | D        | Found Caewkeuv's Jewellery Emporium.
  2228 | D        | Found Fiosmoh's Antique Armour Shop.
  2228 | D        | Found Okhliol's Weapon Shop.
  2228 | D        | Found Yskiach's Assorted Antiques.
  2228 | D        | Found Boynal's Jewellery Boutique.
  2229 | D        | Found Hosuuph's General Store.
  2229 | D        | Found Jooxkoc's Antique Armour Boutique.
  2229 | D        | Found Iqaev's Antique Armour Emporium.
  2229 | D        | Found Qoimp's Magic Scroll Shop.
  2229 | D        | Found Hem Amot's Book Emporium.
  2229 | D        | Found Cisotit's Antique Weapon Shop.
  2229 | D        | Found Ucruima's Armour Shoppe.
  2246 | D        | Bought a ring of protection from cold for 325 gold pieces
  2286 | D        | Bought a +4 ring of protection for 432 gold pieces
  2441 | D        | Found a radiant altar of Vehumet.
  2441 | D        | Found an iron altar of Okawaru.
  2441 | D        | Found a glowing silver altar of Zin.
  2442 | D        | Found a hide-covered altar of Uskayaw.
  2442 | D        | Found a basalt altar of Yredelemnul.
  2442 | D        | Found a glowing golden altar of the Shining One.
  2442 | D        | Found a sparkling altar of Nemelex Xobeh.
  2443 | D        | Found a burning altar of Makhleb.
  2443 | D        | Found an opulent altar of Gozag.
  2443 | D        | Found a bloodstained altar of Trog.
  2443 | D        | Found a shimmering altar of Xom.
  2445 | D        | Found a corrupted altar of Lugonu.
  2445 | D        | Found a blossoming altar of Fedhas.
  2445 | D        | Found a shimmering blue altar of Sif Muna.
  2445 | D        | Found an ornate altar of the Wu Jian Council.
  2446 | D        | Found a white marble altar of Elyvilon.
  2446 | D        | Found an ancient bone altar of Kikubaaqudgha.
  2446 | D        | Found a sacrificial altar of Ru.
  2447 | D        | Found a shadowy altar of Dithmenos.
  2447 | D        | Found a viscous altar of Jiyva.
  2447 | D        | Found a stormy altar of Qazlal.
  2454 | D        | Found a snail-covered altar of Cheibriados.
  2457 | D        | Noticed a death drake
  2457 | D        | Noticed a death drake
  2460 | D        | Noticed a crystal guardian
  2469 | D        | HP: 6/120 [poisoned by a death drake (dark miasma)]
  2469 | D        | HP: 2/120 [death drake (4)]
  2469 | D        | Slain by a death drake

Illustrated notes

Levels and vault maps discovered:
D:        the_violet_keep_of_menkaure [sprint2_stairs_cluster_1,
          sprint2_shoproom, sprint2_temple, sprint2_basic_supplies,
          sprint2_obstacle_2, sprint2_obstacle_1, sprint2_obstacle_7,
          sprint2_obstacle_3, sprint2_obstacle_5, sprint2_timed_cluster_1,
          sprint2_smallroom_cluster_1, sprint2_smallroom_final_cluster_1,
          sprint2_transparent_cluster_1, sprint2_second_timed_cluster_1,
          sprint2_sniper_area_1, sprint2_heavy_combat_area_1,
          sprint2_mutation_trap_area_1, sprint2_forest_area_1,
          sprint2_light_combat_area_1, sprint2_behind_water_1,
          sprint2_near_end_vault_1]

Skill      XL: |  1  2  3  4  5  6  7  8  9 10 |
---------------+-------------------------------+-----
Fighting       | 4 5 6 7 9 10 11 | 11.1
Dodging        | 4 5 7 9 10 11 | 11.8
Unarmed Combat | 5 6 7 8 9 12 13 15 18 | 18.6
Stealth        | 1 2 3 |  3.1
Shields        | 1 |  1.7

Action                   |  1- 3 |  4- 6 |  7- 9 | 10-12 || total
-------------------------+-------+-------+-------+-------++-------
Melee: Unarmed           |     2 |    24 |    37 |    54 ||   117
       Punch             |       |     1 |     3 |     9 ||    13
Invok: Berserk           |     1 |     2 |     2 |       ||     5
       Trog's Hand       |       |       |     2 |     1 ||     3
  Use: Potion            |       |       |       |     2 ||     2
Armor: Animal skin       |       |     4 |     3 |       ||     7
       Robe              |       |       |     1 |    24 ||    25
Dodge: Dodged            |       |     5 |    13 |    31 ||    49
Block: Other             |       |       |     3 |     6 ||     9

Table legend: (Time is in decaauts)
 A = Elapsed time spent in this place.
 B = Non-inter-level travel time spent in this place.
 C = Inter-level travel time spent in this place.
 D = Time resting spent in this place.
 E = Time spent auto-exploring this place.
 F = Levels seen in this place.
 G = Mean time per level.
                   A        B        C        D        E       F      G
               +--------+--------+--------+--------+--------+-----+--------+
         Total |   2543 |   2543 |      0 |   1933 |      0 |   1 | 2543.0 |
       Dungeon |   2543 |   2543 |      0 |   1933 |      0 |   1 | 2543.0 |
               +--------+--------+--------+--------+--------+-----+--------+

Top non-repeatable levels by time:
       D: 2543 daAuts
